 Dungeon Crawl Stone Soup version 0.20-a0-739-g6bb112f (webtiles) character file.

143 syzygy the Covered (level 4, -3/38 HPs)
             Began as a Demigod Fighter on Feb 24, 2017.
             Killed by divine providence
             ... invoked by an orc priest
              (10 damage)
             ... on level 3 of the Dungeon.
             The game lasted 00:04:29 (1944 turns).

syzygy the Covered (Demigod Fighter)                Turns: 1944, Time: 00:04:29

Health: -3/38      AC: 12    Str: 19    XL:     4   Next: 76%
Magic:  6/6        EV:  5    Int: 12    God:
Gold:   82         SH:  9    Dex: 17    Spells: 3/3 levels left

rFire    . . .     SeeInvis .   i - +2 morningstar (drain)
rCold    . . .     Gourm    .   g - +0 chain mail
rNeg     . . .     Faith    .   c - +0 shield
rPois    .         Spirit   .   (no helmet)
rElec    .         Reflect  .   t - +1 cloak
rCorr    .         Harm     .   s - +0 pair of gloves
MR       .....                  (no boots)
Stlth    ..........             (no amulet)
Regen    0.2/turn               (no ring)
MPRegen  0.1/turn               (no ring)

@: drained
A: high mp 1
a: no special abilities


You were on level 3 of the Dungeon.
You were not hungry.

You visited 1 branch of the dungeon, and saw 3 of its levels.

You collected 82 gold pieces.

Inventory:

Hand Weapons
 a - a +0 war axe
 i - a +2 morningstar of draining (weapon)
 u - a +0 dagger of venom
Armour
 b - a +0 scale mail
 c - a +0 shield (worn)
 g - a +0 chain mail (worn)
 s - a +0 pair of gloves (worn)
 t - a +1 cloak (worn)
Scrolls
 j - 2 scrolls of fear
 m - a scroll of blinking {unknown}
 n - 2 scrolls of magic mapping {unknown}
 o - 2 scrolls of teleportation {unknown}
Potions
 d - a potion of might
 e - 3 potions of curing
 h - 2 potions of flight {unknown}
 k - a potion of heal wounds {unknown}
 l - 2 potions of agility {unknown}
 p - a potion of haste {unknown}
 q - a potion of cancellation {unknown}
 r - a potion of brilliance {unknown}
Comestibles
 f - 5 bread rations


   Skills:
 + Level 3.5(3.1) Fighting
 + Level 2.6(2.2) Axes
 + Level 3.6(3.2) Armour
 + Level 3.3(2.9) Shields


You had 3 spell levels left.
You didn't know any spells.

Dungeon Overview and Level Annotations

Branches:
Dungeon (3/15)


Innate Abilities, Weirdness & Mutations

You have an increased reservoir of magic. (+10% MP)


Message History

You closely miss the orc. You block the orc's attack.
You impale the orc!!
You kill the orc!
You hit the orc but do no damage. You drain the orc!
The orc is severely wounded.
You block the orc's attack. The orc hits you with a flail.
You closely miss the orc.
The orc is severely wounded.
The orc priest invokes the aid of Beogh against you.
Beogh smites you!
* * * LOW HITPOINT WARNING * * *
The orc hits you but does no damage.
You sock the orc!
You kill the orc!
You block the orc priest's attack.
You barely miss the orc priest. You block the orc priest's attack.
Your shield and chain mail prevent you from hitting the orc priest.
The orc priest invokes the aid of Beogh against you.
Beogh smites you!
You die...

..........#
#.##..###.###########
#.. #............
#..###.#######.###
#......# #.# #
#....#..#.# #.# #..#
#..#.# #.#
#.$###..#†# #.#
#...@o).#.# #.#
#.#.##.##.# #.#
#....##.# #.#
###.!##.# #.###
..###.### #....
.###...).# ##### ..
#.....##
#......###..# #####
#.###.# ##(###...##


You could see an orc priest.

Vanquished Creatures
  An orc priest (D:3)
  3 adders (D:2)
  2 oozes
  4 worms (D:2)
  A dart slug (D:2)
  4 leopard geckos (D:2)
  3 orcs (D:3)
  8 bats
  A giant cockroach (D:1)
  5 hobgoblins
  3 jackals (D:1)
  A frilled lizard (D:1)
  5 goblins
  12 kobolds
  8 rats (D:2)
61 creatures vanquished.

Notes
Turn   | Place    | Note
-------+----------+-------------------------------------------
     0 | D:1      | syzygy the Demigod Fighter began the quest for the Orb.
     0 | D:1      | Reached XP level 1. HP: 18/18 MP: 3/3
   200 | D:1      | Reached XP level 2. HP: 25/25 MP: 4/4
   665 | D:2      | Reached XP level 3. HP: 31/31 MP: 5/5
  1159 | D:2      | Found an iron altar of Okawaru.
  1501 | D:2      | Reached XP level 4. HP: 36/38 MP: 6/6
  1944 | D:3      | Killed from afar by an orc priest

Vault maps used:
D:1:      dpeg_arrival_radiant
D:2:      first_bread, okawaru_ov_weapons_minmay
D:3:      lemuel_coloured_pillars_altar, minmay_distorted

Skill      XL: |  1  2  3 |
---------------+----------+-----
Axes           | 2 |  2.6
Armour         | 3 |  3.6
Fighting       | 3 |  3.5
Shields        | 3 |  3.3

Action                   |  1- 3 |  4- 6 || total
-------------------------+-------+-------++-------
Melee: War axe           |   158 |    36 ||   194
       Morningstar       |       |    29 ||    29
  Use: Scroll            |       |     3 ||     3
  Eat: Chunk             |     2 |     2 ||     4
Armor: Chain mail        |    70 |    26 ||    96
       Scale mail        |     2 |       ||     2
Dodge: Dodged            |    39 |    12 ||    51
Block: Shield            |    97 |    38 ||   135
